 Dungeon Crawl Stone Soup version 0.20.1-1-g8b1a95d (webtiles) character file.

4368 Monsterracer the Destroyer (level 10, 0/56 HPs)
             Began as a Deep Elf Wizard on Sept 7, 2017.
             Was an Elder of Vehumet.
             Slain by a manticore (12 damage)
             ... on level 8 of the Dungeon.
             The game lasted 00:24:33 (10773 turns).

Monsterracer the Destroyer (Deep Elf Wizard)       Turns: 10773, Time: 00:24:34

Health: 0/56       AC: 10    Str:  4    XL:     10   Next: 13%
Magic:  2/25       EV: 15    Int: 27    God:    Vehumet [****..]
Gold:   398        SH:  4    Dex: 13    Spells: 13/27 levels left

rFire    . . .     SeeInvis .   w - +1 dagger (elec)
rCold    . . .     Gourm    .   B - +0 buckler
rNeg     . . .     Faith    .   e - +0 robe
rPois    .         Spirit   .   u - +0 helmet
rElec    .         Reflect  .   (no cloak)
rCorr    .         Harm     .   q - +0 pair of gloves
MR       ++...     Clarity  +   (no boots)
Stlth    ++........             (no amulet)
Regen    0.2/turn               j - ring of protection from magic
MPRegen  0.2/turn               O - ring of wizardry

@: icy armour (expiring), slow
A: clarity
a: Renounce Religion


You were on level 8 of the Dungeon.
You worshipped Vehumet.
Vehumet was greatly pleased with you.
You were very hungry.

You visited 1 branch of the dungeon, and saw 8 of its levels.
You also visited: Ossuary.

You collected 398 gold pieces.

Inventory:

Hand Weapons
 w - a +1 dagger of electrocution (weapon)
Missiles
 H - 2 throwing nets (quivered)
Armour
 e - a +0 robe (worn)
 q - a +0 pair of gloves (worn)
 u - a +0 helmet (worn)
 B - a +0 buckler (worn)
 E - a +1 leather armour of fire resistance
Magical Staves
 a - an uncursed staff of air
 b - an uncursed staff of cold
Jewellery
 j - a ring of protection from magic (left hand)
 m - an uncursed ring of see invisible
 v - an uncursed ring of fire
 M - an uncursed ring of resist corrosion
 O - a ring of wizardry (right hand)
Wands
 x - a wand of polymorph (6/24)
 C - a wand of flame (14/48)
 I - a wand of lightning (3/15)
 L - a wand of lightning (6/15)
Scrolls
 f - 2 scrolls of blinking
 y - 5 scrolls of teleportation
 D - a scroll of fog
 F - a scroll of amnesia
 N - 3 scrolls of remove curse
Potions
 g - 6 potions of curing
 h - 2 potions of magic
 i - 5 potions of heal wounds
 k - a potion of invisibility {unknown}
 l - 2 potions of flight
 n - 2 potions of haste
 o - 2 potions of lignification
 r - a potion of mutation
 t - 2 potions of cancellation
 A - 2 potions of ambrosia
 G - a potion of agility {unknown}
 K - a potion of might {unknown}
Comestibles
 c - 4 meat rations
 d - 6 bread rations
 p - a fruit
 s - 4 royal jellies


   Skills:
 + Level 3.1 Fighting
 + Level 5.6 Dodging
 - Level 2.4 Stealth
 + Level 3.1 Shields
 + Level 9.2 Spellcasting
 * Level 10.3 Conjurations
 + Level 2.4 Charms
   Level 1.1 Summonings
 - Level 1.1 Translocations
 + Level 6.2 Fire Magic


You had 13 spell levels left.
You knew the following spells:

 Your Spells              Type           Power        Failure   Level  Hunger
a - Magic Dart            Conj           ####         1%          1    None
b - Searing Ray           Conj           ######       1%          2    None
c - Conjure Flame         Conj/Fire      ######..     1%          3    None
d - Mephitic Cloud        Conj/Pois/Air  ####....     1%          3    None
e - Blink                 Tloc           N/A          1%          2    None
f - Ozocubu's Armour      Chrm/Ice       ###.....     4%          3    None


Dungeon Overview and Level Annotations

Branches:
Dungeon (8/15)             Temple (0/1) D:7
   Lair: D:8-11

Altars:
Ashenzari
Dithmenos
Kikubaaqudgha
Nemelex Xobeh
Ru
Sif Muna
Uskayaw
Vehumet
Xom
Zin
The Shining One

Shops:
D:3 *


Innate Abilities, Weirdness & Mutations

You possess an exceptional clarity of mind.


Message History

The manticore easily resists.
Evoking this partially-identified wand wasted a few charges.
The manticore flicks its tail.
You block the volley of spikes.
Unknown command.
Evoke which item? (* to show all) (? for menu, Esc to quit)
Okay, then.
Casting: Blink
Confirm with . or Enter, or press ? or * to list all spells.
Aiming: Searing Ray
Press: ? - help, Shift-Dir - straight line, f - manticore
Aim: a manticore (heavily wounded)
Okay, then.
Casting: Searing Ray
Confirm with . or Enter, or press ? or * to list all spells.
You blink.
* * * LOW MAGIC WARNING * * *
Your icy armour starts to melt.
The manticore closely misses you. The manticore claws you!
You die...

##### #...#
####.#@# #....#H#
### ##H####.#
.>########...#
#ยง#
#.......#....# #.#
.....##.#.H#.# #.#
(...(##.#..#.# #.#
...((##.#..#.. ..#
####)##.#..#######


You could see a manticore.

Vanquished Creatures
  A two-headed ogre (D:6)
  The ghost of Zedayar the Ruffian, a novice TrFi (D:6)
  A hippogriff (D:7)
  A yak (D:6)
  2 hungry ghosts
  A water moccasin (D:6)
  An orc warrior (D:8)
  A sky beast (D:5)
  2 ice beasts
  A black bear (D:6)
  2 ogres (D:7)
  A necrophage (D:6)
  A centaur (D:6)
  A big kobold (D:8)
  3 bullfrogs (D:6)
  A wyvern zombie (Ossuary)
  A water moccasin skeleton (D:8)
  A wyvern skeleton (D:7)
  A scorpion (D:4)
  3 electric eels (D:5)
  A howler monkey (D:4)
  A centaur zombie (Ossuary)
  4 crimson imps
  3 bullfrog zombies (Ossuary)
  2 orc priests
  A jelly (D:7)
  3 hounds
  Natasha (thrice) (D:3)
  3 orc wizards
  2 iguanas (D:4)
  5 worker ants
  3 killer bee zombies (Ossuary)
  2 hound zombies
  14 mummies (Ossuary)
  4 worker ant zombies
  A howler monkey zombie (Ossuary)
  4 gnolls (D:7)
  9 adders
  3 oozes
  An adder zombie (Ossuary)
  5 worms
  A dart slug (D:3)
  4 leopard geckos
  21 orcs
  4 giant cockroaches
  9 goblins
  6 hobgoblins
  10 jackals
  3 quokkas
  3 ball pythons
  9 bats
  6 frilled lizards
  A goblin skeleton (D:7)
  4 goblin zombies (D:7)
  2 hobgoblin zombies (D:7)
  A jackal zombie (Ossuary)
  19 kobolds
  A leopard gecko zombie (Ossuary)
  An orc skeleton (D:7)
  2 orc zombies (D:7)
  3 quokka skeletons
  A quokka zombie (Ossuary)
  11 rats
223 creatures vanquished.

Vanquished Creatures (others)
  A withered plant (Ossuary)
1 creature vanquished.

Grand Total: 224 creatures vanquished

Notes
Turn   | Place    | Note
-------+----------+-------------------------------------------
     0 | D:1      | Monsterracer the Deep Elf Wizard began the quest for the Orb.
     0 | D:1      | Reached XP level 1. HP: 10/10 MP: 7/7
   312 | D:1      | Reached skill level 2 in Conjurations
   504 | D:1      | HP: 1/10 [ooze (5)]
   505 | D:1      | Reached XP level 2. HP: 1/15 MP: 3/9
  1107 | D:1      | Reached skill level 3 in Conjurations
  1349 | D:2      | Reached XP level 3. HP: 16/19 MP: 3/10
  1365 | D:2      | Learned a level 3 spell: Conjure Flame
  1369 | D:2      | Learned a level 3 spell: Mephitic Cloud
  1372 | D:2      | Learned a level 2 spell: Blink
  1495 | D:2      | Found a sparkling altar of Nemelex Xobeh.
  1656 | D:2      | Reached skill level 4 in Conjurations
  1893 | D:2      | Reached XP level 4. HP: 20/24 MP: 6/12
  2337 | D:2      | Found a radiant altar of Vehumet.
  2345 | D:2      | Became a worshipper of Vehumet
  2672 | D:3      | Reached skill level 5 in Conjurations
  2672 | D:3      | Reached skill level 1 in Fire Magic
  2672 | D:3      | Reached XP level 5. HP: 28/28 MP: 5/14
  2797 | D:3      | Found a shattered altar of Ashenzari.
  3061 | D:3      | Found Zin's Purification Station.
  3063 | D:3      | Found a glowing silver altar of Zin.
  3264 | D:3      | Noticed Natasha
  3267 | D:3      | Killed Natasha
  3636 | D:3      | Reached * piety under Vehumet
  3636 | D:3      | Offered knowledge of Sting by Vehumet.
  3744 | D:3      | Noticed Natasha
  3746 | D:3      | Killed Natasha
  3746 | D:3      | Reached skill level 5 in Spellcasting
  3822 | D:3      | Noticed Natasha
  3829 | D:3      | Killed Natasha
  3969 | D:4      | Found a hide-covered altar of Uskayaw.
  4026 | D:4      | Reached XP level 6. HP: 32/32 MP: 11/16
  4137 | D:4      | Reached skill level 6 in Conjurations
  4810 | D:4      | HP: 15/32 [iguana (4)]
  4902 | D:4      | HP: 13/32 [iguana (11)]
  5181 | D:4      | Found an ancient bone altar of Kikubaaqudgha.
  5208 | D:5      | Entered Level 5 of the Dungeon
  5342 | D:5      | Found a transporter.
  5370 | D:5      | Found a shadowy altar of Dithmenos.
  5382 | D:5      | Found a transporter.
  5474 | D:5      | Noticed an ice beast
  5486 | D:5      | Killed an ice beast
  5486 | D:5      | Reached XP level 7. HP: 36/36 MP: 4/18
  5679 | D:5      | Offered knowledge of Searing Ray by Vehumet.
  5688 | D:5      | Learned a level 2 spell: Searing Ray
  5719 | D:5      | Reached ** piety under Vehumet
  5719 | D:5      | Reached skill level 7 in Conjurations
  5833 | D:5      | Gained mutation: You possess an exceptional clarity of mind. [mutagenic meat]
  6397 | D:5      | Found a deep blue altar of Sif Muna.
  6623 | D:6      | Found a sacrificial altar of Ru.
  6625 | D:6      | Found a shimmering altar of Xom.
  6625 | D:6      | Noticed a two-headed ogre
  6625 | D:6      | Noticed a hungry ghost
  6628 | D:6      | Noticed a yak
  6640 | D:6      | Reached skill level 8 in Conjurations
  6640 | D:6      | Reached XP level 8. HP: 26/41 MP: 16/20
  6691 | D:6      | Found a transporter.
  6803 | D:6      | Noticed Zedayar's ghost (novice TrFi)
  7117 | D:6      | Found a transporter.
  7219 | D:6      | Reached skill level 1 in Fighting
  7219 | D:6      | Reached skill level 1 in Shields
  7401 | D:6      | Killed Zedayar's ghost
  7401 | D:6      | Reached skill level 5 in Fire Magic
  7421 | D:6      | Reached skill level 9 in Conjurations
  7757 | D:6      | Reached XP level 9. HP: 31/48 MP: 17/22
  7765 | D:6      | Killed a two-headed ogre
  8134 | D:7      | Offered knowledge of Throw Frost by Vehumet.
  8160 | D:7      | Found a glowing golden altar of the Shining One.
  8263 | D:7      | Reached *** piety under Vehumet
  8326 | D:7      | Reached skill level 5 in Dodging
  8377 | D:7      | Reached skill level 10 in Conjurations
  8861 | D:7      | Offered knowledge of Ignite Poison by Vehumet.
  8865 | D:7      | Identified a scroll of acquirement
  8865 | D:7      | Identified Naghef's Primer on Witchery (You acquired it on level 7 of the Dungeon)
  8874 | D:7      | Learned a level 3 spell: Ozocubu's Armour
  9295 | D:7      | Found a staircase to the Ecumenical Temple.
  9415 | D:8      | Reached skill level 1 in Charms
  9612 | D:8      | Found a sand-covered staircase.
  9652 | Ossuary  | Entered an ossuary
  9752 | Ossuary  | Reached **** piety under Vehumet
  9860 | Ossuary  | Reached XP level 10. HP: 56/56 MP: 8/25
 10369 | Ossuary  | Offered knowledge of Olgreb's Toxic Radiance by Vehumet.
 10731 | D:8      | Noticed a manticore
 10756 | D:8      | HP: 24/56 [manticore (10)]
 10757 | D:8      | HP: 9/56 [manticore (13)]
 10773 | D:8      | Slain by a manticore

Skill      XL: |  1  2  3  4  5  6  7  8  9 10 |
---------------+-------------------------------+-----
Conjurations   | 2 3 4 5 6 8 9 10 | 10.3
Fire Magic     | 1 2 3 4 5 6 |  6.2
Spellcasting   | 5 6 7 9 |  9.2
Fighting       | 1 3 |  3.1
Dodging        | 3 5 |  5.6
Shields        | 1 3 |  3.1
Charms         | 1 2 |  2.4
Stealth        | |  2.4
Summonings     | |  1.1
Translocations | |  1.1

Action                   |  1- 3 |  4- 6 |  7- 9 | 10-12 || total
-------------------------+-------+-------+-------+-------++-------
Melee: Spear             |    30 |     8 |     5 |       ||    43
       Staff             |       |       |     5 |       ||     5
       Dagger            |       |       |    23 |     6 ||    29
 Cast: Magic Dart        |    85 |   178 |   147 |    26 ||   436
       Mephitic Cloud    |       |     4 |     4 |     2 ||    10
       Conjure Flame     |       |     1 |    15 |     3 ||    19
       Searing Ray       |       |       |    46 |    20 ||    66
       Ozocubu's Armour  |       |       |     1 |     1 ||     2
       Blink             |       |       |       |     2 ||     2
Evoke: Wand              |       |       |     4 |     3 ||     7
  Use: Scroll            |       |    12 |     2 |     7 ||    21
 Stab: Confused          |       |       |     1 |       ||     1
  Eat: Chunk             |     3 |     9 |    15 |       ||    27
       Fruit             |       |       |     2 |     3 ||     5
Armor: Robe              |    12 |     2 |    23 |    10 ||    47
Dodge: Dodged            |    41 |    18 |    72 |    23 ||   154
Block: Buckler           |       |       |     3 |     8 ||    11
